 Dungeon Crawl Stone Soup version 0.30.1-9-gdf580d7c3d (webtiles) character file.

Game seed: 16889888240841067522

727 Anriel the Shooter (level 7, -5/44 HPs)
             Began as a Deep Elf Hunter on Oct 10, 2023.
             Slain by an ice beast (13 damage)
             ... on level 5 of the Dungeon.
             The game lasted 00:20:10 (3506 turns).

Anriel the Shooter (Deep Elf Hunter)                Turns: 3506, Time: 00:20:11

Health: -5/44      AC:  7    Str:  8    XL:     7   Next: 44%
Magic:  9/9        EV: 14    Int: 20    God:
Gold:   264        SH:  0    Dex: 20    Spells: 4/6 levels left

rFire   . . .        a - +0 shortbow
rCold   . . .        (shield currently unavailable)
rNeg    . . .        c - +0 leather armour
rPois   .            y - +0 helmet
rElec   .            (no cloak)
rCorr   .            l - +1 pair of gloves
SInv    .            r - +0 pair of boots
Will    .....        (no amulet)
Stlth   +++          d - +6 ring of intelligence
HPRegen 0.27/turn    (no ring)
MPRegen 0.11/turn

%: no passive effects
@: no status effects
A: no striking features
a: no special abilities


You were on level 5 of the Dungeon.
You visited 1 branch of the dungeon, and saw 5 of its levels.

You collected 264 gold pieces.

Inventory:

Hand Weapons
 a - a +0 shortbow (weapon)
 s - the +6 quarterstaff "Pyishrum" {speed, rPois Dex+3}
   (You took it off a goblin on level 4 of the Dungeon)

   Dex:       It affects your dexterity (+3).
   rPois:     It protects you from poison.
Armour
 c - a +0 leather armour (worn)
 l - a +1 pair of gloves (worn)
 r - a +0 pair of boots (worn)
 w - a +3 ring mail
 y - a +0 helmet (worn)
Jewellery
 d - a +6 ring of intelligence (left hand)
 o - an amulet of regeneration
 q - a +6 ring of strength
Scrolls
 b - 2 scrolls of immolation
 e - 3 scrolls of teleportation
 g - a scroll of fear
Potions
 f - a potion of magic
 h - a potion of degeneration {unknown}
 i - 4 potions of curing
 j - a potion of lignification {unknown}
 k - a potion of cancellation {unknown}
 m - a potion of heal wounds {unknown}
 n - a potion of mutation {unknown}
 p - a potion of might {unknown}
 t - a potion of ambrosia {unknown}
 v - a potion of flight {unknown}


   Skills:
 - Level 5.0 Fighting
 + Level 5.8 Ranged Weapons
 * Level 0.2 Armour
 - Level 5.4 Dodging
 - Level 5.0 Stealth
 + Level 0.2 Spellcasting


You had 4 spell levels left.
You knew the following spells:

 Your Spells              Type           Power      Damage    Failure   Level
a - Blink                 Tloc           0%         N/A       38%         2

Your spell library contained the following spells:

 Spells                   Type           Power      Damage    Failure   Level
 Lesser Beckoning         Tloc           0%         N/A       38%         2
 Momentum Strike          Conj/Tloc      0%         3d8       38%         2


Dungeon Overview and Level Annotations

Branches:
Dungeon (5/15)
 Temple: D:4-7

Altars:
Kikubaaqudgha

Shops:
D:2 (

Annotations:
D:3 2 transporters, Madon's ghost, amateur GrEE


Message History

The ice beast is lightly wounded.
Unknown command.
Fire: a) +0 shortbow
Press: ? - help, Q - select action, (/) - cycle Shift-Dir - straight line, f/p - ice beast
Aim: an ice beast (lightly wounded, 66% to hit)
You shoot an arrow. The arrow hits the ice beast.
The ice beast is moderately wounded.
Fire: a) +0 shortbow
Press: ? - help, Q - select action, (/) - cycle Shift-Dir - straight line, f/p - ice beast
Aim: an ice beast (moderately wounded, 66% to hit)
You shoot an arrow. The arrow hits the ice beast.
The ice beast is heavily wounded.
Fire: a) +0 shortbow
Press: ? - help, Q - select action, (/) - cycle Shift-Dir - straight line, f/p - ice beast
Aim: an ice beast (heavily wounded, 66% to hit)
You shoot an arrow.
The arrow hits the ice beast but does no damage.
The ice beast is heavily wounded.
Fire: a) +0 shortbow
Press: ? - help, Q - select action, (/) - cycle Shift-Dir - straight line, f/p - ice beast
Aim: an ice beast (heavily wounded, 66% to hit)
You shoot an arrow. The arrow hits the ice beast.
The ice beast is severely wounded.
The ice beast barely misses you.
You shoot an arrow. The arrow hits the ice beast.
The ice beast is severely wounded.
The ice beast hits you. The ice beast freezes you!
You shoot an arrow. The arrow hits the ice beast.
The ice beast is almost dead.
The ice beast hits you. The ice beast freezes you!
You shoot an arrow. The arrow hits the ice beast.
The ice beast is almost dead.
The ice beast hits you but does no damage.
You shoot an arrow. The arrow closely misses the ice beast.
The ice beast hits you. The ice beast freezes you.
* * * LOW HITPOINT WARNING * * *
The ice beast hits you.
* * * LOW HITPOINT WARNING * * *
The ice beast freezes you!
You die...

##### ######## ....#
#......# . ....# #......#
..# ....# #......####..[.#
....#######.....@Y..!....#
....'.†...'...............
..).#######.......##.....#
..>.# #######.# .....#
<...# #... ....# '#'##
####.####. ##†. # ...#
#...


You could see an ice beast.

Vanquished Creatures
  Grinder (D:3)
  A black bear (D:4)
  A scorpion (D:4)
  A jelly (D:4)
  Natasha (twice) (D:3)
  2 orc wizards
  4 gnolls (D:2)
  12 adders
  3 worms
  3 dart slugs
  12 orcs
  8 endoplasms
  A giant cockroach (D:4)
  4 goblins
  7 hobgoblins
  5 jackals
  6 kobolds
  3 quokkas
  13 ball pythons
  11 bats
  3 frilled lizards
  8 rats
111 creatures vanquished.

Notes
Turn   | Place    | Note
-------+----------+-------------------------------------------
     0 | D:1      | Anriel the Deep Elf Hunter began the quest for the Orb.
     0 | D:1      | Reached XP level 1. HP: 12/12 MP: 3/3
   115 | D:1      | Reached XP level 2. HP: 17/17 MP: 4/4
   463 | D:1      | Reached XP level 3. HP: 22/22 MP: 5/5
   822 | D:2      | Learned a level 2 spell: Blink
  1150 | D:2      | Found Cyjiehes's Weapon Boutique.
  1278 | D:2      | Reached XP level 4. HP: 27/27 MP: 6/6
  1639 | D:3      | Found a faded altar of an unknown god.
  1672 | D:3      | Reached XP level 5. HP: 32/32 MP: 7/7
  1718 | D:3      | Found an ancient bone altar of Kikubaaqudgha.
  1896 | D:3      | Found a transporter.
  1900 | D:3      | Noticed Madon's ghost (amateur GrEE)
  1992 | D:3      | Noticed Grinder
  2000 | D:3      | Killed Grinder
  2001 | D:3      | Reached XP level 6. HP: 13/38 MP: 8/8
  2109 | D:3      | Noticed Natasha
  2114 | D:3      | Killed Natasha
  2186 | D:3      | Found a transporter.
  2439 | D:3      | Noticed Natasha
  2455 | D:3      | Killed Natasha
  2793 | D:4      | Identified the +6 quarterstaff "Pyishrum" {speed, rPois
                  | Dex+3}
  2921 | D:4      | Reached skill level 5 in Dodging
  2921 | D:4      | Reached XP level 7. HP: 42/44 MP: 9/9
  3126 | D:4      | Reached skill level 5 in Stealth
  3336 | D:4      | Reached skill level 5 in Fighting
  3451 | D:5      | Entered Level 5 of the Dungeon
  3506 | D:5      | Slain by an ice beast

Illustrated notes

Levels and vault maps discovered:
D:1:      heliophobic_arrival_dark_side_of_the_moon, layout_basic,
          minmay_pentomino_z4
D:2:      minmay_chambers_of_twos, layout_loops_ring, serial_shops,
          nicolae_square_shop, dreamdust_princess_bridge,
          hangedman_feature_mirror
D:3:      layout_loops_ring, kiku_gazebo_pond_becter,
          ebering_ecumenical_altar_abandoned, gammafunk_ghost_arena,
          wander_ebering_terrifying_dragon_lair, uniq_grinder, uniq_natasha
D:4:      layout_basic
D:5:      layout_basic

Skill      XL: |  1  2  3  4  5  6  7 |
---------------+----------------------+-----
Fighting       | 2 3 4 5 |  5.0
Stealth        | 2 3 4 5 |  5.0
Dodging        | 3 4 5 |  5.4
Ranged Weapons | |  5.8
Armour         | |  0.2
Spellcasting   | |  0.2

Action                     |  1- 3 |  4- 6 |  7- 9 || total
---------------------------+-------+-------+-------++-------
   Fire: Shortbow          |    96 |   160 |    71 ||   327
    Use: Scroll            |     3 |     4 |     2 ||     9
 Armour: Leather armour    |    12 |    19 |    17 ||    48
  Dodge: Dodged            |    40 |    64 |    34 ||   138
